 Dungeon Crawl Stone Soup version 0.19.0-17-g07987d3 (webtiles) character file.

110 Inkary the Cudgeler (level 4, -1/28 HPs)
             Began as a Gargoyle Fighter on Nov 11, 2016.
             Slain by a gnoll
             ... wielding a +0 halberd
              (13 damage)
             ... on level 2 of the Dungeon.
             The game lasted 00:01:59 (1405 turns).

Inkary the Cudgeler (Gargoyle Fighter)              Turns: 1405, Time: 00:02:00

Health: -1/28      AC: 10    Str: 20    XL:     4   Next: 91%
Magic:  4/4        EV:  7    Int:  9    God:
Gold:   91         SH:  9    Dex:  9    Spells: 0 memorised, 3 levels left

rFire  . . .     SeeInvis .     a - +0 flail
rCold  . . .     Gourm    .     b - +0 scale mail
rNeg   + . .     Faith    .     c - +0 shield
rPois  ∞         Spirit   .     (no helmet)
rElec  +         Reflect  .     (no cloak)
rCorr  .         Harm     .     (no gloves)
MR     .....                    (no boots)
Stlth  ..........               (no amulet)
                                (no ring)
                                (no ring)

@: no status effects
A: negative energy resistance 1, electricity resistance, unbreathing,
petrification resistance, rot immunity, AC +3
a: no special abilities


You were on level 2 of the Dungeon.
You were not hungry.

You visited 1 branch of the dungeon, and saw 3 of its levels.

You collected 91 gold pieces.

Inventory:

Hand Weapons
 a - a +0 flail (weapon)
Armour
 b - a +0 scale mail (worn)
 c - a +0 shield (worn)
Scrolls
 j - a scroll of enchant armour {unknown}
 k - a scroll of amnesia {unknown}
 l - a scroll of recharging {unknown}
 n - a scroll of remove curse {unknown}
 o - a scroll of blinking {unknown}
Potions
 d - a potion of might
 e - 3 potions of degeneration {unknown}
 h - 2 potions of cancellation {unknown}
 i - a potion of berserk rage {unknown}
 m - 3 potions of haste {unknown}
Comestibles
 f - a bread ration
 g - 2 meat rations
 p - 6 chunks of flesh


   Skills:
 - Level 3.2 Fighting
 + Level 4.8 Maces & Flails
 - Level 3.3 Armour
 - Level 3.2 Shields


You had 3 spell levels left.
You didn't know any spells.

Dungeon Overview and Level Annotations

Branches:
Dungeon (3/15)

Altars:

Annotations:
D:3 Frank's ghost, amateur DENe


Innate Abilities, Weirdness & Mutations

You are resistant to torment.
Your stone body is resilient. (AC +3)
You are immune to poison.
You resist negative energy. (rN+)
You are resistant to electric shocks. (rElec)
You can survive without breathing.
You are immune to petrification.
You are immune to rotting.


Message History

You see here a whip.
There isn't anything to butcher here.
There is a stone staircase leading down here.
You start resting.
HP restored.
You climb downwards.
Level annotation: Frank's ghost, amateur DENe The gnoll hits you but does no damage.
The gnoll hits you with a halberd! The gnoll completely misses you.
The gnoll hits you with a halberd!
There is a stone staircase leading up here.
The gnoll hits you but does no damage.
You climb upwards.
There is a stone staircase leading down here.
You sock the gnoll!
The gnoll is severely wounded.
The gnoll barely misses you. The gnoll hits you but does no damage.
You closely miss the gnoll.
The gnoll is severely wounded.
The gnoll hits you with a halberd!
You die...

..###.#..........#
...#.#...........#
#.#.###..........# #############
#.##.#...........# #............
#............(...# #............
####.##<.........# #............
# #.##..........####......).....
####(##........g.................
.....##........)@.....###########
####.........##g......#
...'....(....##.......#
####.........##.......#
#.........##.......#
####################


You could see 2 gnolls.

Vanquished Creatures
  A gnoll (D:2)
  5 adders
  A worm (D:2)
  3 dart slugs
  4 leopard geckos
  An orc (D:2)
  3 bats
  2 giant cockroaches
  2 goblins (D:1)
  7 hobgoblins
  A quokka (D:2)
  4 frilled lizards
  5 kobolds
  8 rats
47 creatures vanquished.

Notes
Turn   | Place    | Note
-------+----------+-------------------------------------------
     0 | D:1      | Inkary the Gargoyle Fighter began the quest for the Orb.
     0 | D:1      | Reached XP level 1. HP: 14/14 MP: 1/1
   130 | D:1      | Reached XP level 2. HP: 15/19 MP: 2/2
   148 | D:1      | Reached skill level 3 in Maces & Flails
   325 | D:1      | Reached XP level 3. HP: 17/23 MP: 3/3
   820 | D:2      | Reached skill level 4 in Maces & Flails
   835 | D:2      | Reached XP level 4. HP: 21/28 MP: 4/4
  1229 | D:3      | Noticed Frank's ghost (amateur DENe)
  1405 | D:2      | Slain by a gnoll

Skill      XL: |  1  2  3 |
---------------+----------+-----
Maces & Flails | 3 4 |  4.8
Fighting       | |  3.2
Armour         | |  3.3
Shields        | |  3.2

Action                   |  1- 3 |  4- 6 || total
-------------------------+-------+-------++-------
Melee: Flail             |   139 |    81 ||   220
  Eat: Chunk             |       |     2 ||     2
Armor: Scale mail        |    65 |    53 ||   118
Dodge: Dodged            |    35 |    28 ||    63
Block: Shield            |    63 |    40 ||   103
